 Dungeon Crawl Stone Soup version 0.18.1-48-g4cf74bf (webtiles) character file.

121 poirepourri the Magician (level 4, 0/24 HPs)
             Began as a Deep Elf Fire Elementalist on July 6, 2016.
             Slain by Galewin's ghost (12 damage)
             ... on level 3 of the Dungeon.
             The game lasted 00:06:06 (3451 turns).

poirepourri the Magician (DEFE)                     Turns: 3451, Time: 00:06:07

Health: 0/24       AC:  3    Str:  5    XL:     4   Next: 76%
Magic:  9/21       EV: 13    Int: 21    God:
Gold:   147        SH:  0    Dex: 15    Spells: 3 memorised, 5 levels left

rFire  . . .     SeeInvis .     d - +0 short sword (venom)
rCold  . . .     Gourm    .     a - +1 robe
rNeg   . . .     Faith    .     (no shield)
rPois  +         Spirit   .     (no helmet)
rElec  .         Dismiss  .     (no cloak)
rCorr  .         Reflect  .     (no gloves)
SustAt .         Harm     .     (no boots)
MR     .....                    (no amulet)
Stlth  ++........               p - ring of magical power
                                h - ring of poison resistance

@: hasted, very quick, not resistant to hostile enchantments, unstealthy
A: no striking features
a: no special abilities


You were on level 3 of the Dungeon.
You were not hungry.

You visited 1 branch of the dungeon, and saw 3 of its levels.

You collected 147 gold pieces.

Inventory:

Hand Weapons
 d - a +0 short sword of venom (weapon)
Armour
 a - a +1 robe (worn)
Jewellery
 h - a ring of poison resistance (left hand)
 i - a +3 ring of slaying
 m - an uncursed amulet of faith {unknown}
 p - a ring of magical power (right hand)
Wands
 q - a wand of flame (28/48)
Potions
 e - a potion of brilliance
 g - a potion of agility
 k - 2 potions of flight
 r - a potion of magic {unknown}
Books
 b - a book of Flames

   Spells                             Type                      Level
   a - Flame Tongue                   Conjuration/Fire             1
   b - Throw Flame                    Conjuration/Fire             2
   c - Conjure Flame                  Conjuration/Fire             3
   d - Inner Flame                    Hexes/Fire                   3
   e - Sticky Flame                   Conjuration/Fire             4
   f - Fireball                       Conjuration/Fire             5
Comestibles
 c - 2 bread rations
 f - a meat ration
 l - a royal jelly


   Skills:
 - Level 0.1 Fighting
 + Level 3.3 Dodging
 + Level 2.8 Stealth
 + Level 4.4 Spellcasting
 + Level 2.3 Conjurations
 + Level 4.1 Fire Magic


You had 5 spell levels left.
You knew the following spells:

 Your Spells              Type           Power        Failure   Level  Hunger
a - Flame Tongue          Conj/Fire      ###..        3%          1    None
b - Throw Flame           Conj/Fire      ###...       6%          2    #......
c - Conjure Flame         Conj/Fire      ###.....     12%         3    ##.....


Dungeon Overview and Level Annotations

Branches:
Dungeon (3/15)

Altars:
Cheibriados
Fedhas

Annotations:
D:3 Galewin's ghost, novice TeMo


Message History

Casting: Flame Tongue
Confirm with . or Enter, or press ? or * to list all spells.
Aiming: Flame Tongue
Press: ? - help, Shift-Dir - straight line, f/p - Galewin's ghost
Aim: Galewin's ghost (severely damaged)
The flame tongue hits Galewin's ghost.
Galewin's ghost is almost destroyed.
Galewin's ghost misses you.
Drink which item? (? for menu, Esc to quit)
It was a potion of cancellation.
Your magical contamination has completely faded away.
You feel magically purged.
Galewin's ghost hits you but does no damage.
Drink which item? (? for menu, Esc to quit)
It was a potion of heal wounds.
You feel much better. Galewin's ghost hits you!
Ouch! That really hurt!
Drink which item? (? for menu, Esc to quit)
It was a potion of haste.
You feel yourself speed up. Galewin's ghost hits you!
Ouch! That really hurt!
You die...

.8.....8..# #.#.#.#
.............# #.#..W<
.....)..)....# ##.###..
......>......# ##.......
............'###..##.##§
#............##...P.♣.§
#.8.....8)..##♣♣.♣♣♣.§
#....W......# PP.♣...♣
#...@......#.♣..♣.P.♣
#..........###♣♣♣..P.
#......(...#..♣♣♣..♣.
#.......#####.♣..P.♣.
#.......''##......♣..
#...).........♣...♣..
#..............♣♣♣..♣
#...........#.P.♣...♣
#[..........'...♣...♣


You could see Galewin's ghost.

Vanquished Creatures
  2 gnolls (D:3)
  2 adders (D:2)
  An adder skeleton (D:2)
  A dart slug (D:1)
  2 giant geckos
  2 orcs (D:3)
  A bat skeleton (D:2)
  2 bat zombies (D:2)
  2 giant cockroaches
  9 goblins
  8 hobgoblins
  4 jackals (D:1)
  9 kobolds
  5 quokkas
  A ball python skeleton (D:2)
  6 bats
  2 giant cockroach zombies (D:2)
  4 giant newts
  A jackal zombie (D:2)
  A quokka skeleton (D:2)
  7 rats
72 creatures vanquished.

Vanquished Creatures (others)
  A plant (D:3)
  4 toadstools (D:1)
5 creatures vanquished.

Grand Total: 77 creatures vanquished

Notes
Turn   | Place    | Note
--------------------------------------------------------------
     0 | D:1      | poirepourri the Deep Elf Fire Elementalist began the quest for the Orb.
     0 | D:1      | Reached XP level 1. HP: 10/10 MP: 6/6
   135 | D:1      | Reached XP level 2. HP: 13/15 MP: 1/8
   349 | D:1      | Learned a level 2 spell: Throw Flame
   993 | D:2      | Reached XP level 3. HP: 19/19 MP: 7/9
  1001 | D:2      | Learned a level 3 spell: Conjure Flame
  1814 | D:2      | Reached XP level 4. HP: 24/24 MP: 9/12
  1960 | D:2      | Found a snail-covered altar of Cheibriados.
  2093 | D:3      | Found a blossoming altar of Fedhas.
  2364 | D:3      | Noticed Galewin's ghost (novice TeMo)
  3451 | D:3      | Slain by Galewin's ghost

Skill      XL: |  1  2  3  4 |
---------------+-------------+-----
Conjurations   | 2 |  2.3
Dodging        | 3 |  3.3
Spellcasting   | 4 |  4.4
Fire Magic     | 4 |  4.1
Fighting       | |  0.1
Stealth        | |  2.8

Action                   |  1- 3 |  4- 6 || total
-------------------------+-------+-------++-------
Melee: Unarmed           |     4 |       ||     4
       Short sword       |     1 |       ||     1
Throw: Stone             |     1 |       ||     1
 Cast: Flame Tongue      |    70 |    31 ||   101
       Throw Flame       |    16 |    18 ||    34
  Use: Scroll            |     5 |     5 ||    10
       Potion            |       |     3 ||     3
  Eat: Bread ration      |     1 |       ||     1
       Meat ration       |       |     1 ||     1
Armor: Robe              |    22 |     3 ||    25
Dodge: Dodged            |    64 |     6 ||    70
